 Dungeon Crawl Stone Soup version 0.25.0-9-g26727b657a (webtiles) character file.

Game seed: 8109171560766218660

1126857 mopl the Naga Aeon (level 27, -6/241 HPs)
             Began as a Naga Fighter on June 16, 2020.
             Was the Champion of Cheibriados.
             Mangled by Antaeus
             ... wielding an uncursed staff of energy
              (24 damage)
             ... on level 7 of Cocytus.
             The game lasted 05:04:22 (82690 turns).

mopl the Naga Aeon (Naga Fighter)                  Turns: 82690, Time: 05:04:23

Health: -6/241     AC: 45    Str: 37    XL:     27
Magic:  50/50      EV: 21    Int: 35    God:    Cheibriados [******]
Gold:   12843      SH: 31    Dex: 26    Spells: 18/52 levels left

rFire    + . .     SeeInvis +   a - +9 broad axe (vamp)
rCold    + . .     Gourm    .   q - +7 tower shield "Oto Dofi" {Regen+ Int+3}
rNeg     + + .     Faith    +   X - +2 plate armour {rF+}
rPois    +         Spirit   .   m - +3 hat of Pondering {ponderous, MR+ MP+10 Int+5}
rElec    +         Reflect  .   p - scarf {+Inv}
rCorr    +         Harm     .   D - +2 pair of gloves {archery}
MR       +++++                  l - +2 naga barding {Stlth+}
Stlth    ++++++....             J - amulet of faith
HPRegen  0.90/turn              V - ring "Xaofrubym" {*Corrode rElec rN++ Str-4}
MPRegen  0.32/turn              u - ring of resist corrosion

@: mighty, frozen, very slow
A: large, iridescent scales 1, yellow scales 1, camouflage 1, see invisible,
clumsy 1, cold resistance 1, deformed body, frail 1, magic resistance 1,
mutation resistance 1, poison resistance, slowness 2, slow metabolism 1, spit
poison 1, no potion heal 1, constrict 1, AC +9
}: 11/15 runes: barnacled, slimy, silver, iron, abyssal, demonic, glowing,
magical, fiery, dark, gossamer
a: Spit Poison, Bend Time, Temporal Distortion, Slouch, Step From Time, Renounce
Religion, Evoke Invisibility


You were on level 7 of Cocytus.
You worshipped Cheibriados.
Cheibriados was exalted by your worship.
You were full.

You visited 13 branches of the dungeon, and saw 67 of its levels.
You visited Pandemonium 5 times, and saw 47 of its levels.
You visited the Abyss 2 times.
You also visited: Volcano.

You collected 15304 gold pieces.
You spent 2461 gold pieces at shops.

Inventory:

Hand Weapons
 a - a +9 vampiric broad axe (weapon)
 b - a +6 broad axe of flaming
Missiles
 f - 12 boomerangs of dispersal
 w - 51 javelins
 x - 39 boomerangs
 y - 30 curare-tipped darts
 B - 26 atropa-tipped darts (quivered)
 C - 14 silver javelins
 L - 20 throwing nets
Armour
 l - a +2 naga barding of stealth (worn)
 m - the +3 hat of Pondering (worn) {ponderous, MR+ MP+10 Int+5}
   (You found it on level 5 of the Pits of Slime)

   It affects your intelligence (+5).
   It affects your resistance to hostile enchantments.
   It affects your magic capacity (+10).
 p - a scarf of invisibility (worn)
 q - the +7 tower shield "Oto Dofi" (worn) {Regen+ Int+3}
   (You took it off a daeva in Pandemonium)

   It affects your intelligence (+3).
   It increases your rate of regeneration.
 D - a +2 pair of gloves of archery (worn)
 H - a +2 naga barding of cold resistance
 I - the +6 tower shield of Ykkuawk {+Inv Dex+4 Stlth+}
   (You took it off a daeva in Pandemonium)

   It affects your dexterity (+4).
   It lets you turn invisible.
   It makes you more stealthy.
 P - the +7 tower shield of the Centipede {rC+ MP+9 SInv}
   (You took it off a daeva in Pandemonium)

   It protects you from cold.
   It affects your magic capacity (+9).
   It lets you see invisible.
 S - a scarf of repulsion
 X - a +2 plate armour of fire resistance (worn)
Jewellery
 u - a ring of resist corrosion (right hand)
 J - an amulet of faith (around neck)
 V - the ring "Xaofrubym" (left hand) {*Corrode rElec rN++ Str-4}
   (You bought it in a shop on level 3 of the Shoals)

   [ring of strength]

   It affects your strength (-4).
   It insulates you from electricity.
   It greatly protects you from negative energy.
   It may corrode you when you take damage.
Wands
 e - a wand of acid (56)
 z - a wand of enslavement (16)
 F - a wand of digging (25)
 K - a wand of iceblast (82)
 N - a wand of paralysis (60)
 Q - a wand of clouds (19)
Scrolls
 g - 14 scrolls of magic mapping
 h - 37 scrolls of teleportation
 i - 10 scrolls of fog
 o - 8 scrolls of fear
 s - 39 scrolls of remove curse
 t - 13 scrolls of blinking
 M - 3 scrolls of vulnerability
 O - 10 scrolls of identify
 T - 2 scrolls of summoning
Potions
 d - 8 potions of might
 j - 2 potions of magic
 k - 28 potions of curing
 n - 10 potions of brilliance
 r - 15 potions of heal wounds
 v - 15 potions of stabbing
 A - 10 potions of ambrosia
 E - 5 potions of cancellation
 G - 8 potions of resistance
 R - 10 potions of flight
 U - 6 potions of mutation
Miscellaneous
 W - 4 phantom mirrors
 Y - a phial of floods
 Z - 8 boxes of beasts
Comestibles
 c - 101 rations


   Skills:
 + Level 20.1 Fighting
 - Level 18.0 Axes
 + Level 18.5 Throwing
 * Level 19.5 Armour
 * Level 19.3 Dodging
 - Level 22.0 Stealth
 + Level 14.4 Shields
 - Level 13.0 Spellcasting
 - Level 3.0 Hexes
 - Level 5.0 Charms
 - Level 3.0 Summonings
 + Level 20.2 Translocations
 - Level 10.0 Transmutations
 - Level 3.0 Fire Magic
 - Level 5.0 Earth Magic
 - Level 15.0 Poison Magic
 * Level 22.2 Invocations
 + Level 14.8 Evocations


You had 18 spell levels left.
You knew the following spells:

 Your Spells              Type           Power        Failure   Level  Hunger
a - Apportation           Tloc           ######       0%          1    None
b - Lesser Beckoning      Tloc           ########..   0%          3    None
c - Summon Butterflies    Summ           #####...     1%          1    None
d - Spectral Weapon       Hex/Chrm       ######..     3%          3    None
e - Blink                 Tloc           N/A          0%          2    None
f - Portal Projectile     Hex/Tloc       ######       1%          3    None
g - Ignite Poison         Fire/Tmut/Pois ######..     1%          3    None
o - Olgreb's Toxic Radia  Pois           #######.     1%          4    None
p - Passwall              Tmut/Erth      ######..     1%          2    None
C - Controlled Blink      Tloc           N/A          11%         8    ######.
P - Passage of Golubria   Tloc           N/A          0%          4    None

Your spell library contained the following spells:

 Spells                   Type           Power        Failure   Level  Hunger
 Gell's Gravitas          Tloc           ########..   0%          3    None
 Teleport Other           Tloc           ########     0%          3    None
 Beastly Appendage        Tmut           ######       1%          1    None
 Corona                   Hex            #####..      1%          1    None
 Infusion                 Chrm           ####         1%          1    None
 Sandblast                Erth           ######       1%          1    None
 Sting                    Tmut/Pois      ####         1%          1    None
 Summon Small Mammal      Summ           ####         1%          1    None
 Poisonous Vapours        Pois/Air       ######       1%          2    None
 Shroud of Golubria       Chrm/Tloc      ######       1%          2    None
 Song of Slaying          Chrm           ######..     1%          2    None
 Sticks to Snakes         Tmut           #######.     1%          2    None
 Spider Form              Tmut/Pois      #######...   1%          3    None
 Alistair's Intoxication  Tmut/Pois      #######.     1%          5    None
 Dispersal                Tloc           ########..   1%          6    ###....
 Mephitic Cloud           Conj/Pois/Air  ######..     2%          3    None
 Foxfire                  Conj/Fire      ####         3%          1    None
 Call Imp                 Summ           #####...     3%          2    None
 Slow                     Hex            #####...     3%          2    None
 Swiftness                Chrm/Air       #####...     3%          2    None
 Petrify                  Tmut/Erth      ######..     3%          4    None
 Blade Hands              Tmut           #######...   3%          5    None
 Ensorcelled Hibernation  Hex/Ice        ####..       5%          2    None
 Call Canine Familiar     Summ           #####...     6%          3    None
 Confusing Touch          Hex            #####...     6%          3    None
 Inner Flame              Hex/Fire       #####...     6%          3    None
 Summon Guardian Golem    Hex/Summ       #####...     6%          3    None
 Tukima's Dance           Hex            #####...     6%          3    None
 Animate Skeleton         Necr           N/A          7%          1    None
 Magic Dart               Conj           ###.         7%          1    None
 Pain                     Necr           ###.         7%          1    None
 Shock                    Conj/Air       ###.         7%          1    None
 Ozocubu's Armour         Chrm/Ice       #####...     7%          3    None
 Stone Arrow              Conj/Erth      #####.       7%          3    None
 Ice Form                 Ice/Tmut       ######..     9%          4    None
 Corpse Rot               Necr/Air       N/A          10%         2    None
 Sublimation of Blood     Necr           ###.......   10%         2    None
 Conjure Flame            Conj/Fire      ####....     11%         3    None
 Dazzling Flash           Conj/Hex       ####..       11%         3    None
 Disjunction              Tloc           ########..   11%         8    ######.
 Leda's Liquefaction      Hex/Erth       ######....   13%         4    None
 Yara's Violent Unravell  Hex/Tmut       ######....   13%         5    None
 Cause Fear               Hex            #####.....   19%         4    None
 Static Discharge         Conj/Air       ###.....     21%         3    None
 Vampiric Draining        Necr           ###.......   21%         3    None
 Lee's Rapid Deconstruct  Erth           ######....   24%         5    None
 Sticky Flame             Conj/Fire      ####....     34%         4    None
 Summon Ice Beast         Ice/Summ       ####....     34%         4    None
 Summon Lightning Spire   Summ/Air       ####....     34%         4    None
 Aura of Abjuration       Summ           #####.....   47%         5    None
 Summon Mana Viper        Hex/Summ       #####...     47%         5    None
 Airstrike                Air            ###.......   54%         4    None
 Animate Dead             Necr           N/A          54%         4    None
 Dispel Undead            Necr           ###.....     54%         4    None
 Hailstorm                Conj/Ice       ###.....     54%         4    None
 Borgnjor's Vile Clutch   Necr/Erth      #####.....   54%         5    None
 Excruciating Wounds      Chrm/Necr      #####.....   54%         5    None
 Iskenderun's Battlesphe  Conj/Chrm      #####...     54%         5    None
 Dragon Form              Tmut           #######...   67%         7    #####..
 Fireball                 Conj/Fire      ####......   69%         5    None
 Metabolic Englaciation   Hex/Ice        ####......   69%         5    None
 Silence                  Hex/Air        ####......   69%         5    None
 Agony                    Necr           ###.....     88%         5    None
 Lightning Bolt           Conj/Air       ###.......   88%         5    None
 Darkness                 Hex            #####.....   96%         6    ###....
 Invisibility             Hex            #####...     96%         6    ###....
 Shadow Creatures         Summ           N/A          96%         6    ###....
 Iron Shot                Conj/Erth      #####.....   98%         6    ###....
 Starburst                Conj/Fire      ####......   99%         6    ###....
 Conjure Ball Lightning   Conj/Air       ###.......   100%        6    ###....
 Freezing Cloud           Conj/Ice/Air   ###.......   100%        6    ###....
 Haunt                    Necr/Summ      ####......   100%        7    #####..
 Orb of Destruction       Conj           ###.......   100%        7    #####..
 Ring of Flames           Chrm/Fire      ######....   100%        7    #####..
 Spellforged Servitor     Conj/Summ      ####......   100%        7    #####..
 Summon Hydra             Summ           #####.....   100%        7    #####..
 Borgnjor's Revivificati  Necr           ###.......   100%        8    ######.
 Death's Door             Chrm/Necr      #####.....   100%        8    ######.
 Ignition                 Fire           #####.....   100%        8    ######.
 Infestation              Necr           ###.......   100%        8    ######.
 Necromutation            Tmut/Necr      ######....   100%        8    ######.
 Dragon's Call            Summ           #####.....   100%        9    #######
 Shatter                  Erth           ######....   100%        9    #######


Dungeon Overview and Level Annotations

Branches:
Dungeon (15/15)            Temple (0/1) D:6            Lair (6/6) D:9
 Shoals (4/4) Lair:4       Spider (4/4) Lair:4        Slime (5/5) Lair:6
    Orc (2/2) D:9             Elf (3/3) Orc:2        Vaults (5/5) D:14
  Crypt (3/3) Vaults:3       Tomb (0/3) Crypt:3      Depths (5/5) D:15
   Hell (visited)             Dis (7/7) Hell            Geh (0/7) Hell
    Coc (7/7) Hell            Tar (0/7) Hell            Zot (0/5) Depths:5
Volcano (visited)

Altars:
Ashenzari
Cheibriados
Dithmenos
Elyvilon
Fedhas
Gozag
Kikubaaqudgha
Makhleb
Nemelex Xobeh
Ru
Sif Muna
Trog
Vehumet
Wu Jian
Xom
Zin
Beogh
Jiyva

Shops:
Orc:2 [:(*   Shoals:3 *(   Vaults:1 =   Vaults:2 }   Vaults:3 :   Vaults:5 !!%

Portals:
Hell: Depths:1 Depths:2 Depths:3 Depths:4 Depths:5
Abyss: Depths:1 Depths:4
Pandemonium: Depths:2 Depths:3
Ziggurat: Depths:5

Annotations:
D:7 rF
Vaults:5 StDA + ?BW
Depths:2 barding
Depths:4 mut + GDA
Coc:7 Antaeus


Innate Abilities, Weirdness & Mutations

You cannot wear boots.
Your serpentine skin is tough. (AC +9)
You have supernaturally acute eyesight. (SInv)
Armour fits poorly on your strangely shaped body.
Your system is resistant to poisons. (rPois)
You cover ground very slowly.
You have a slow metabolism.
You can spit poison.
You can use your snake-like lower body to constrict enemies.
You are partially covered in iridescent scales. (AC +2)
You are partially covered in yellow scales. (AC +2)
Your skin changes colour to match your surroundings (Stealth+).
You are clumsy. (Dex -2)
Your flesh is cold resistant. (rC+)
You are frail. (-10% HP)
You are resistant to hostile enchantments. (MR+)
You are somewhat resistant to further mutation.
Potions are less effective at restoring your health.


Message History

Unknown command.
Throwing (i - inventory. (/) - cycle)
B - 29 atropa-tipped darts (quivered)
Press: ? - help, Shift-Dir - straight line, f/p - Antaeus
Aim: Antaeus, wielding a staff of energy and wearing an uncursed ring of positive energy (chance to blind on hit: 35%)
You throw an atropa-tipped dart.
The atropa-tipped dart barely misses Antaeus.
Throwing (i - inventory. (/) - cycle)
B - 28 atropa-tipped darts (quivered)
Press: ? - help, Shift-Dir - straight line, f/p - Antaeus
Aim: Antaeus, wielding a staff of energy and wearing an uncursed ring of positive energy (chance to blind on hit: 35%)
You throw an atropa-tipped dart. The atropa-tipped dart hits Antaeus!
Antaeus resists.
Throwing (i - inventory. (/) - cycle)
B - 27 atropa-tipped darts (quivered)
Press: ? - help, Shift-Dir - straight line, f/p - Antaeus
Aim: Antaeus, wielding a staff of energy and wearing an uncursed ring of positive energy (chance to blind on hit: 33%)
You throw an atropa-tipped dart. The atropa-tipped dart hits Antaeus!
Antaeus appears confused.
Antaeus hits you with an uncursed staff of energy!!!
* * * LOW HITPOINT WARNING * * *
Antaeus freezes you!! You resist.
You die...

.#≈≈≈≈≈.#..#..#.≈≈≈≈≈≈≈≈≈≈≈≈≈*
.#≈≈≈≈.#.......#.≈≈≈≈≈≈≈≈≈≈≈≈*
#≈≈≈≈.#.........#.≈≈≈≈≈≈≈≈≈≈≈*
≈.≈≈≈.#.........#.≈≈≈≈≈≈≈≈≈≈≈*
≈≈.≈≈.#...#.#...#.≈≈≈≈≈≈≈≈≈≈≈*
≈≈≈.≈.#.....Z...#.≈≈≈≈≈≈≈≈≈≈**
≈≈≈≈.≈.#.......#.≈≈≈≈≈≈≈≈≈≈≈*
....≈≈≈.#.....#.≈≈≈....≈≈≈≈≈**
####.≈.#########@≈.####.≈≈≈≈≈*
....#.##*******##C#....#.≈≈≈≈*
.....##**,,,,,,*##......#,≈≈**
......#*,,,,*,,*#.M(.....#,≈≈*
..#...#*,,,*,*,,#...#....#,≈≈*
......#*,,***,,,'....,..#.≈≈≈*
..#...#*,*,*,,,M#...#.,..#,≈≈*
D.....#*,,*,,,.##......,.#,≈≈*
.,...##*,,,,,C.*##...,..*.≈≈≈*


You could see Antaeus (confused, blind), a mummy and a storm dragon simulacrum.

Vanquished Creatures
  Cerebov (Pan)
  Gloorx Vloq (Pan)
  the Royal Jelly (Slime:5)
  Mnoleg (Pan)
  A seraph (Pan)
  Lom Lobon (Pan)
  Dispater (Dis:7)
  3 ancient liches
  Mennas (Pan)
  A juggernaut (Depths:5)
  Sojobo (Depths:5)
  6 shard shrikes
  Xtahua (Crypt:2)
  5 pandemonium lords (Pan)
  5 caustic shrikes (Depths:5)
  Nikola (Depths:3)
  Geryon (Hell)
  3 golden dragons
  2 pearl dragons (Pan)
  Arachne (Spider:4)
  6 bone dragons
  5 iron giants (Dis:7)
  6 Tzitzimimeh
  A hellephant (Pan)
  8 Brimstone Fiends (Pan)
  24 Ice Fiends
  19 Hell Sentinels
  6 tentacled monstrosities
  2 deep elf blademasters
  14 liches
  2 deep elf master archers (Elf:3)
  4 titans (Vaults:5)
  5 sphinxes
  2 quicksilver dragons (Depths:4)
  26 acid blobs
  37 Executioners (Pan)
  6 tentacled starspawn
  3 shadow dragons
  4 storm dragons
  Donald (Shoals:3)
  6 tengu reavers
  12 warmongers (Pan)
  15 azure jellies
  13 fire giants
  2 revenants
  16 daevas (Pan)
  11 deep elf sorcerers
  12 frost giants
  A draconian knight (Depths:5)
  16 vault wardens
  11 iron dragons
  2 ghost moths (Spider:4)
  41 balrugs
  35 angels (Pan)
  25 cacodemons
  5 emperor scorpions
  2 orc warlords
  A draconian shifter (Depths:5)
  12 ghouls
  41 very ugly things
  36 reapers
  2 draconian annihilators (Pan)
  4 spriggan defenders
  2 curse skulls (Pan)
  4 elemental wellsprings (Coc:7)
  3 deep elf elementalists (Elf:3)
  18 ophanim (Pan)
  7 corrupters (Pan)
  17 stone giants
  9 blood saints (Pan)
  21 war gargoyles
  4 vampire knights
  13 ironheart preservers
  13 black suns (Pan)
  34 apis (Pan)
  3 entropy weavers
  15 deep elf annihilators
  6 deep elf demonologists
  Nessos (D:14)
  A purple draconian (Depths:5)
  2 yellow draconians (Depths:5)
  A black draconian (Abyss:3)
  2 spark wasps (Depths:2)
  11 lorocyprocas
  2 red draconians (Depths:5)
  2 eidola (Crypt:1)
  9 fire dragons
  39 blizzard demons
  14 crystal guardians
  6 deep elf death magi
  8 merfolk impalers
  13 ettins
  9 yaktaur captains
  7 death oozes
  11 great orbs of eyes
  6 jiangshi
  2 merfolk javelineers (Shoals:4)
  4 quicksilver dragon zombies
  Josephine (Orc:2)
  15 green deaths
  4 hell beasts (Pan)
  28 vault guards
  32 ice dragons
  12 deep elf high priests
  A caustic shrike simulacrum (Depths:2)
  18 rakshasas
  10 monstrous demonspawn (Pan)
  2 quicksilver dragon skeletons
  8 hydras
  3 death knights
  4 spriggan air magi
  8 merfolk aquamancers
  A catoblepas (D:14)
  4 merfolk avatars
  17 ogre magi
  A satyr (Shoals:3)
  7 death yaks
  11 centaur warriors
  4 alligator snapping turtles
  30 dancing weapons
  4 hell hogs
  13 tengu warriors
  51 two-headed ogres
  3 shock serpents (shapeshifter)
  8 vampire magi
  6 deep troll shamans
  4 thrashing horrors
  4 orc high priests
  6 titan zombies
  3 deep troll earth magi
  12 spriggan berserkers
  Sonja (Orc:2)
  Nergalle (Lair:3)
  17 deep elf knights
  8 iron golems
  A storm dragon zombie (Dis:5)
  A spatial maelstrom (Abyss:3)
  34 soul eaters
  37 hell knights
  78 sun demons
  87 skeletal warriors
  10 wretched stars
  32 sixfirhies
  13 shadow wraiths
  16 iron trolls
  6 storm dragon skeletons
  4 titan skeletons (Crypt:1)
  6 sea snakes
  An unseen horror (shapeshifter) (Vaults:1)
  4 gelid demonspawn (Pan)
  16 shadow demons (Pan)
  16 deep trolls
  2 ghost moth zombies
  2 quicksilver dragon simulacra (Depths:4)
  15 infernal demonspawn (Pan)
  2 golden dragon zombies
  10 torturous demonspawn (Pan)
  9 glowing orange brains
  7 shadow dragon zombies
  14 cherubim (Pan)
  4 anaconda zombies
  6 unseen horrors
  8 phantasmal warriors
  A flayed ghost (Depths:5)
  9 deep elf archers
  2 golden dragon skeletons
  22 starcursed masses (Abyss:3)
  A tengu zombie (Depths:2)
  An orange crystal statue (Depths:3)
  5 anaconda skeletons
  19 harpies
  18 necromancers
  2 oklob plants (Lair:6)
  A kraken simulacrum (Shoals:4)
  18 ironbrand convokers
  2 lindwurms
  8 cyclopes
  18 orc knights
  An iron dragon zombie (Dis:6)
  46 deep elf magi
  9 wizards
  3 shadow dragon skeletons
  8 orc sorcerers
  4 fire giant zombies
  6 frost giant zombies
  31 wolf spiders
  A manticore (shapeshifter) (Vaults:5)
  3 tengu skeletons
  47 ugly things
  6 shining eyes
  4 wolf spider zombies
  3 salamanders
  4 stone giant zombies
  4 worldbinders
  14 orb spiders
  4 iron dragon skeletons
  2 human zombies
  7 fauns
  5 moths of wrath
  A moth of wrath (shapeshifter) (Vaults:5)
  38 rust devils
  A guardian serpent (Abyss:3)
  2 dire elephant zombies
  2 fire giant skeletons
  4 merfolk sirens
  11 manticores
  3 black mambas
  A guardian serpent (shapeshifter) (Vaults:5)
  2 elf zombies
  2 centaur zombies
  6 stone giant skeletons
  8 vault sentinels
  2 ice statues
  A water nymph (shapeshifter) (Depths:5)
  2 titan simulacra (Coc:7)
  A torpor snail (Spider:1)
  2 apocalypse crabs
  7 water nymphs
  3 molten gargoyles
  A black mamba (shapeshifter) (D:15)
  10 spiny frogs
  3 gargoyles
  2 naga magi (Abyss:3)
  6 storm dragon simulacra (Coc:7)
  3 frost giant skeletons
  A spriggan zombie (Hell)
  3 eyes of devastation
  39 orange demons
  74 smoke demons
  A spiny frog (shapeshifter) (D:15)
  A rime drake (shapeshifter) (Vaults:4)
  3 dire elephant skeletons
  A green draconian zombie (Crypt:1)
  40 demonic crawlers
  2 emperor scorpion zombies (Dis:7)
  A shock serpent skeleton (Crypt:1)
  An orc skeleton (Vaults:3)
  16 hellions
  A yaktaur (shapeshifter) (Vaults:3)
  A yaktaur zombie (Hell)
  27 freezing wraiths
  43 yaktaurs
  A komodo dragon (shapeshifter) (Depths:5)
  10 efreet
  9 komodo dragons
  A rime drake (Lair:2)
  8 ancient zymes
  32 ice devils
  29 tormentors
  A yaktaur skeleton (Vaults:3)
  23 jumping spiders
  9 anaconda simulacra (Coc:7)
  A queen bee (shapeshifter) (Vaults:3)
  A catoblepas skeleton (Crypt:1)
  A polar bear (Lair:6)
  52 hellwings
  2 queen bees
  57 red devils
  2 tengu conjurers
  24 merfolk
  A silent spectre (Abyss:3)
  3 harpy zombies
  11 trolls
  A meliai (shapeshifter) (Vaults:3)
  A troll (shapeshifter) (Vaults:3)
  139 slime creatures
  8 meliai
  8 hydra zombies
  7 wind drakes
  9 hydra skeletons
  14 blink frogs
  3 dream sheep (Shoals:4)
  4 ice dragon zombies
  20 hornets
  83 large abominations
  9 bog bodies
  12 hippogriffs
  5 fire dragon zombies
  6 snapping turtles
  4 ettin zombies
  19 raiju
  2 snapping turtles (shapeshifter)
  A hippogriff (shapeshifter) (Vaults:1)
  5 alligator zombies
  A guardian serpent skeleton (Crypt:2)
  9 air elementals
  83 flying skulls
  A redback (shapeshifter) (Vaults:5)
  3 fire dragon skeletons
  73 redbacks
  10 spriggans
  A spriggan (shapeshifter) (Vaults:4)
  3 ice dragon skeletons
  28 tarantellas
  A dire elephant simulacrum (Coc:7)
  9 ettin skeletons
  3 vampires
  3 wyverns (Lair:6)
  29 water elementals
  19 wraiths
  A yak (shapeshifter) (D:15)
  7 shadows
  44 ynoxinuls
  2 steam dragons (Lair:6)
  28 yaks
  2 basilisks (shapeshifter) (Vaults:2)
  4 fire bats (D:7)
  2 black mamba skeletons
  3 hogs (shapeshifter)
  10 fire elementals
  5 hungry ghosts
  4 vampire mosquitoes
  4 basilisks
  24 chaos spawn
  15 golden eyes
  3 spatial vortices (Abyss:3)
  18 neqoxecs
  An insubstantial wisp (Depths:1)
  2 deep troll zombies
  An acid dragon (shapeshifter) (Vaults:2)
  12 wargs
  A naga (Abyss:3)
  2 acid dragons
  3 hydra simulacra
  A merfolk skeleton (Crypt:3)
  15 water moccasins
  A floating eye (Depths:3)
  33 hell hounds
  11 porcupines
  5 spiny frog zombies
  A floating eye (shapeshifter) (Elf:2)
  63 orc warriors
  A manticore zombie (Crypt:3)
  5 spiny frog skeletons
  13 sky beasts
  11 ice beasts
  A snapping turtle zombie (Coc:7)
  4 black bears
  2 alligator simulacra
  5 eyes of draining
  40 ogres
  A swamp dragon zombie (Dis:7)
  14 boggarts
  3 phantoms
  An ice dragon simulacrum (Coc:5)
  31 centaurs
  8 necrophages
  A wolf (Lair:4)
  6 ettin simulacra (Depths:4)
  2 snapping turtle skeletons
  23 crocodiles
  2 big kobolds
  22 small abominations
  A wyvern zombie (D:15)
  15 bullfrogs
  An octopode zombie (Crypt:1)
  5 human skeletons (Vaults:3)
  2 earth elementals (Elf:2)
  An elf skeleton (Coc:6)
  A cyclops zombie (Crypt:2)
  A spiny frog simulacrum (Coc:1)
  6 scorpions
  A water moccasin skeleton (D:11)
  26 killer bees
  24 wights
  8 howler monkeys
  A queen bee zombie (Crypt:2)
  8 electric eels
  13 crimson imps
  5 lava snakes (Lair:6)
  5 quasits
  A bullfrog zombie (D:4)
  4 jellies
  24 orc priests
  4 hounds
  28 orc wizards
  5 centaur skeletons
  35 iron imps
  4 iguanas
  10 worker ants
  5 hell rats (Lair:6)
  4 lightning spires (Depths:1)
  A killer bee zombie (D:6)
  A felid zombie (Crypt:1)
  A naga zombie (Crypt:1)
  A demigod zombie (Crypt:1)
  A hound zombie (D:9)
  2 mummies
  2 worker ant zombies
  Robin (D:2)
  7 adders
  A river rat (D:9)
  A steam dragon skeleton (Crypt:1)
  5 shadow imps
  13 white imps
  3 ufetubi
  An ooze (D:5)
  2 adder skeletons
  An iguana skeleton (Crypt:1)
  A worm (D:3)
  A worm (shapeshifter) (Depths:2)
  A ball lightning (Depths:1)
  5 dart slugs
  10 leopard geckos
  138 orcs
  A giant cockroach (D:1)
  16 goblins
  7 hobgoblins
  15 jackals
  3 quokkas
  8 bats
  4 frilled lizards
  A frilled lizard skeleton (Crypt:2)
  A goblin skeleton (Crypt:1)
  A jackal skeleton (D:4)
  16 kobolds
  A leopard gecko zombie (D:8)
  A quokka skeleton (Crypt:2)
  A quokka zombie (Crypt:2)
  9 rats
  A bush (D:13)
  5 crawling corpses (Depths:4)
  6 fungi
  11 plants
  10 starspawn tentacles
4384 creatures vanquished.

Vanquished Creatures (collateral kills)
  An acid blob (Slime:5)
  A blizzard demon (Hell)
  An orange demon (Hell)
  A neqoxec (Pan)
4 creatures vanquished.

Vanquished Creatures (others)
  An eldritch tentacle (Pan)
  A blood saint (Pan)
  A deep elf annihilator (Pan)
  2 two-headed ogres
  A soul eater (Pan)
  A skeletal warrior (Coc:7)
  A necromancer (Hell)
  A smoke demon (Pan)
  An ice devil (Coc:7)
  A red devil (Hell)
  A jumping spider (Spider:4)
  A wraith (Dis:7)
  A water elemental (Shoals:3)
  An insubstantial wisp (Depths:1)
  A hell hound (Depths:4)
  An ogre (Depths:2)
  2 centaurs (Volcano)
  4 electric eels (Depths:1)
  6 ball lightnings
  A bush (D:13)
  2 demonic plants (Pan)
  A fire vortex (Pan)
  24 fungi
  2 lurking horrors (Abyss:1)
  7 plants
  A spectral weapon (Pan)
  5 starspawn tentacles
72 creatures vanquished.

Grand Total: 4460 creatures vanquished

Notes
Turn   | Place    | Note
-------+----------+-------------------------------------------
     0 | D:1      | mopl the Naga Fighter began the quest for the Orb.
     0 | D:1      | Reached XP level 1. HP: 21/21 MP: 1/1
   120 | D:1      | Reached XP level 2. HP: 19/28 MP: 2/2
   820 | D:2      | Found a white marble altar of Elyvilon.
   839 | D:2      | Reached XP level 3. HP: 27/34 MP: 3/3
   853 | D:2      | Became a worshipper of Elyvilon the Healer
  1040 | D:2      | Reached * piety under Elyvilon
  1203 | D:2      | Found a snail-covered altar of Cheibriados.
  1214 | D:2      | Fell from the grace of Elyvilon
  1214 | D:2      | Became a worshipper of Cheibriados the Contemplative
  1235 | D:2      | Noticed Robin
  1244 | D:2      | Killed Robin
  1244 | D:2      | Reached skill level 1 in Invocations
  1244 | D:2      | Reached XP level 4. HP: 38/43 MP: 4/4
  1660 | D:3      | Found a burning altar of Makhleb.
  1815 | D:3      | Reached XP level 5. HP: 50/50 MP: 6/6
  1816 | D:3      | Reached * piety under Cheibriados
  2749 | D:4      | Reached ** piety under Cheibriados
  2749 | D:4      | Reached XP level 6. HP: 57/57 MP: 7/7
  2863 | D:4      | Found a roughly hewn altar of Beogh.
  2902 | D:4      | Noticed a phantom
  2929 | D:4      | Reached skill level 5 in Axes
  3150 | D:4      | Killed a phantom
  3547 | D:5      | Entered Level 5 of the Dungeon
  3571 | D:5      | Reached XP level 7. HP: 57/66 MP: 9/9
  3918 | D:5      | Reached *** piety under Cheibriados
  4049 | D:5      | Reached skill level 5 in Fighting
  4097 | D:6      | Reached XP level 8. HP: 14/74 MP: 11/11
  4422 | D:6      | Found a shattered altar of Ashenzari.
  4676 | D:6      | Reached skill level 5 in Invocations
  4701 | D:6      | Found an opulent altar of Gozag.
  4862 | D:6      | Found a staircase to the Ecumenical Temple.
  5022 | D:6      | Found an ornate altar of the Wu Jian Council.
  5285 | D:7      | Reached **** piety under Cheibriados
  5374 | D:7      | Reached XP level 9. HP: 39/84 MP: 13/13
  5856 | D:7      | Found a transporter.
  6660 | D:7      | Found a transporter.
  7006 | D:8      | Found a radiant altar of Vehumet.
  7045 | D:8      | Noticed a hornet
  7049 | D:8      | Killed a hornet
  7142 | D:8      | Noticed a two-headed ogre
  7149 | D:8      | Killed a two-headed ogre
  7149 | D:8      | Reached skill level 10 in Axes
  7149 | D:8      | Reached XP level 10. HP: 82/96 MP: 15/15
  7266 | D:9      | Reached ***** piety under Cheibriados
  7557 | D:9      | Found a glowing silver altar of Zin.
  7627 | D:9      | Noticed a death yak
  7628 | D:9      | Noticed a death yak
  7629 | D:9      | Noticed a death yak
  7855 | D:9      | Found a staircase to the Lair.
  7871 | D:9      | Killed a death yak
  7871 | D:9      | Reached skill level 1 in Throwing
  7877 | D:9      | Killed a death yak
  7878 | D:9      | Killed a death yak
  7878 | D:9      | Reached XP level 11. HP: 34/104 MP: 17/17
  8283 | D:9      | Reached ****** piety under Cheibriados
  8378 | D:9      | Found a staircase to the Orcish Mines.
  8415 | D:10     | Entered Level 10 of the Dungeon
  9014 | D:11     | Noticed a cyclops
  9026 | D:11     | Killed a cyclops
  9210 | D:11     | Learned a level 2 spell: Passwall
  9370 | D:11     | HP: 4/106 [gargoyle/stone arrow (23)]
  9748 | D:11     | Found a bloodstained altar of Trog.
  9751 | D:11     | Noticed a wizard
  9756 | D:11     | Killed a wizard
 10073 | Orc:1    | Entered Level 1 of the Orcish Mines
 10125 | Orc:1    | Noticed an orc knight
 10135 | Orc:1    | Killed an orc knight
 10467 | Orc:1    | Noticed a two-headed ogre
 10471 | Orc:1    | Killed a two-headed ogre
 10471 | Orc:1    | Reached XP level 12. HP: 115/115 MP: 19/19
 10618 | Orc:1    | Found a roughly hewn altar of Beogh.
 10847 | Orc:2    | Entered Level 2 of the Orcish Mines
 11250 | Orc:2    | Noticed an orc high priest
 11257 | Orc:2    | Noticed an orc warlord
 11260 | Orc:2    | Killed an orc high priest
 11260 | Orc:2    | Reached skill level 5 in Shields
 11273 | Orc:1    | Killed an orc warlord
 11273 | Orc:1    | Reached skill level 10 in Invocations
 11677 | Orc:2    | Noticed an orc high priest
 11685 | Orc:2    | Killed an orc high priest
 11691 | Orc:2    | Noticed Sonja
 11696 | Orc:2    | Reached skill level 10 in Fighting
 11696 | Orc:2    | Reached skill level 5 in Throwing
 12113 | Orc:2    | Killed Sonja
 12121 | Orc:2    | Noticed an orc warlord
 12133 | Orc:2    | Killed an orc warlord
 12302 | Orc:2    | Found Vooheuwn's General Store.
 12302 | Orc:2    | Noticed a two-headed ogre
 12308 | Orc:2    | Gained mutation: You can use your snake-like lower body to
                  | constrict enemies. [Naga growth]
 12308 | Orc:2    | Reached XP level 13. HP: 123/123 MP: 20/20
 12904 | Orc:2    | Noticed Josephine
 12911 | Orc:2    | Killed Josephine
 12954 | Orc:2    | Bought a scroll of magic mapping for 45 gold pieces
 12954 | Orc:2    | Bought a potion of flight for 39 gold pieces
 12954 | Orc:2    | Bought a scroll of identify for 26 gold pieces
 12979 | Orc:2    | Found Rutwalet's Antique Armour Emporium.
 13311 | Orc:2    | Found Deecvig's Book Boutique.
 13314 | Orc:2    | Reached skill level 1 in Dodging
 13326 | Orc:2    | Found a staircase to the Elven Halls.
 13340 | Orc:2    | Found Uphi's Antique Weapon Shop.
 13546 | Lair:1   | Entered Level 1 of the Lair of Beasts
 15155 | Lair:3   | Noticed Nergalle
 15163 | Lair:3   | Killed Nergalle
 15604 | Lair:3   | Reached XP level 14. HP: 125/133 MP: 22/22
 16336 | Lair:4   | Found a staircase to the Shoals.
 16914 | Lair:4   | Found a hole to the Spider Nest.
 17361 | Lair:5   | Found a shimmering altar of Xom.
 17439 | Lair:5   | Found a dark tunnel.
 17454 | Volcano  | Entered a volcano
 18508 | Lair:5   | You fall into a shaft and drop 1 floor!
 18508 | Lair:6   | Entered Level 6 of the Lair of Beasts
 18527 | Lair:6   | Found a large runed translucent door.
 18527 | Lair:6   | Found a large runed translucent door.
 19024 | Lair:6   | Reached skill level 15 in Axes
 19645 | Lair:6   | Reached XP level 15. HP: 101/142 MP: 23/23
 19774 | Lair:6   | Found a staircase to the Slime Pits.
 21685 | D:13     | Found a blossoming altar of Fedhas.
 22125 | D:13     | Reached skill level 5 in Armour
 22769 | D:14     | Noticed Nessos
 22779 | D:14     | Killed Nessos
 22983 | D:14     | Found a gate to the Vaults.
 23042 | D:15     | Entered Level 15 of the Dungeon
 23093 | D:15     | Found a runed translucent door.
 23157 | D:15     | Reached skill level 1 in Evocations
 23741 | D:15     | Reached XP level 16. HP: 135/152 MP: 25/25
 23743 | D:15     | Found a staircase to the Depths.
 24056 | D:15     | Reached skill level 10 in Throwing
 24101 | D:15     | Identified the Catalogue of Malediction
 24382 | Spider:1 | Entered Level 1 of the Spider Nest
 24582 | Spider:1 | Reached skill level 5 in Dodging
 25281 | Spider:2 | Paralysed by a hornet for 3 turns
 25744 | Spider:2 | Learned a level 2 spell: Blink
 26508 | Spider:4 | Entered Level 4 of the Spider Nest
 26508 | Spider:4 | Noticed Arachne
 26519 | Spider:4 | Killed Arachne
 26977 | Spider:4 | Reached XP level 17. HP: 141/160 MP: 26/26
 27006 | Spider:4 | Learned a level 4 spell: Olgreb's Toxic Radiance
 27101 | Spider:4 | Reached skill level 1 in Poison Magic
 28044 | Spider:4 | Got a gossamer rune of Zot
 28339 | Elf:1    | Entered Level 1 of the Elven Halls
 28557 | Elf:1    | Reached skill level 5 in Evocations
 28637 | Elf:1    | Reached skill level 1 in Translocations
 28995 | Elf:1    | Reached skill level 1 in Spellcasting
 29266 | Elf:2    | Learned a level 3 spell: Ignite Poison
 29313 | Elf:2    | Reached skill level 5 in Poison Magic
 29319 | Elf:2    | Reached skill level 1 in Transmutations
 29319 | Elf:2    | Reached skill level 1 in Fire Magic
 29392 | Elf:2    | Found a shimmering blue altar of Sif Muna.
 29487 | Elf:2    | Found a runed translucent gate.
 29487 | Elf:2    | Found a runed translucent gate.
 29487 | Elf:2    | Found a runed translucent gate.
 29668 | Elf:2    | Reached XP level 18. HP: 127/170 MP: 28/28
 29691 | Elf:2    | Reached skill level 5 in Translocations
 29884 | Elf:2    | Noticed a deep elf blademaster
 29890 | Elf:2    | Killed a deep elf blademaster
 30396 | Elf:3    | Entered Level 3 of the Elven Halls
 30765 | Elf:3    | Got a topaz-encrusted chain mail
 30776 | Elf:3    | Identified the +4 chain mail of Wonder {Str+5 Int+4} (You
                  | found it on level 3 of the Elven Halls)
 31189 | Vaults:1 | Entered Level 1 of the Vaults
 31550 | Vaults:1 | Learned a level 4 spell: Passage of Golubria
 31784 | Vaults:1 | Reached skill level 1 in Earth Magic
 31986 | Vaults:1 | Reached skill level 10 in Translocations
 32107 | Vaults:1 | Reached skill level 10 in Poison Magic
 32412 | Vaults:1 | Reached XP level 19. HP: 115/177 MP: 29/29
 32475 | Vaults:1 | Found Ibloicw's Jewellery Boutique.
 32764 | Vaults:2 | Reached skill level 5 in Transmutations
 33223 | Vaults:2 | Found Riell's Gadget Shoppe.
 33230 | Vaults:2 | Bought a wand of clouds (7) for 627 gold pieces
 34694 | Vaults:3 | Reached skill level 5 in Spellcasting
 35314 | Vaults:3 | Reached XP level 20. HP: 186/186 MP: 30/30
 35395 | Vaults:3 | Found Ylyloe's Book Boutique.
 35530 | Vaults:3 | Reached skill level 5 in Earth Magic
 35587 | Vaults:3 | Found a staircase to the Crypt.
 37632 | Shoals:1 | Entered Level 1 of the Shoals
 37752 | Shoals:1 | Reached skill level 10 in Shields
 38764 | Shoals:3 | Found Siblech's Antique Weapon Shoppe.
 38859 | Shoals:3 | Found Sate's Assorted Antiques.
 38883 | Shoals:3 | Bought a scroll of identify for 60 gold pieces
 38883 | Shoals:3 | Bought a scroll of teleportation for 90 gold pieces
 38883 | Shoals:3 | Bought a scroll of teleportation for 90 gold pieces
 38883 | Shoals:3 | Bought a vibrating iron ring for 150 gold pieces
 38883 | Shoals:3 | Identified the cursed ring "Xaofrubym" {*Corrode rElec rN++
                  | Str-4} (You bought it in a shop on level 3 of the Shoals)
 39423 | Shoals:4 | Entered Level 4 of the Shoals
 39475 | Shoals:4 | Reached XP level 21. HP: 193/193 MP: 31/31
 39488 | Shoals:4 | Noticed Donald
 39602 | Shoals:3 | Killed Donald
 40342 | Shoals:4 | Got a barnacled rune of Zot
 41876 | Elf:3    | Reached skill level 10 in Transmutations
 41998 | Elf:3    | Identified the +1 arbalest "mopl's Foe" {venom, *Drain
                  | rPois rF++} (You found it on level 3 of the Elven Halls)
 42034 | Elf:3    | Identified the Incunabulum of Clay and Flight
 42157 | Elf:3    | Reached skill level 15 in Poison Magic
 42413 | Slime:1  | Entered Level 1 of the Pits of Slime
 42486 | Slime:1  | Reached XP level 22. HP: 197/204 MP: 32/32
 42491 | Slime:1  | Learned a level 3 spell: Lesser Beckoning
 42495 | Slime:1  | Learned a level 3 spell: Portal Projectile
 42532 | Slime:2  | Gained mutation: You are frail. (-10% HP) [a shining eye]
 42533 | Slime:2  | Gained mutation: You are very frail. (-20% HP) [a shining
                  | eye]
 42542 | Slime:2  | Gained mutation: Your spells are a little easier to cast,
                  | but a little less powerful. [a shining eye]
 42567 | Slime:2  | Reached skill level 1 in Hexes
 43272 | Slime:5  | Entered Level 5 of the Pits of Slime
 43716 | Slime:5  | Gained mutation: You are extremely frail. (-30% HP) [a
                  | shining eye]
 43948 | Slime:5  | Noticed the Royal Jelly
 44262 | Slime:5  | Found a viscous altar of Jiyva.
 44266 | Slime:5  | Found the +3 hat of Pondering {ponderous, MR+ MP+10 Int+5}
 44278 | Slime:5  | Gained mutation: Your body sometimes deteriorates upon
                  | taking damage. [a shining eye]
 44484 | Slime:5  | Killed the Royal Jelly
 44593 | Slime:5  | Got a slimy rune of Zot
 44597 | Slime:5  | Got a fine bone ring
 44598 | Slime:5  | Identified the ring "Berewust" {MR+ Dex+6} (You found it on
                  | level 5 of the Pits of Slime)
 44694 | Slime:5  | Learned a level 1 spell: Apportation
 44696 | Slime:5  | Learned a level 1 spell: Summon Butterflies
 44730 | Slime:5  | Identified the Catalogue of Vitriolic Summoning
 44976 | Lair:1   | Lost mutation: You are extremely frail. (-30% HP) [potion
                  | of mutation]
 44976 | Lair:1   | Lost mutation: You are very frail. (-20% HP) [potion of
                  | mutation]
 44976 | Lair:1   | Gained mutation: You are partially covered in yellow
                  | scales. (AC +2) [potion of mutation]
 44976 | Lair:1   | Gained mutation: Your mind is acute. (Int +2) [potion of
                  | mutation]
 44976 | Lair:1   | Lost mutation: Your spells are a little easier to cast, but
                  | a little less powerful. [potion of mutation]
 44976 | Lair:1   | Gained mutation: Your skin changes colour to match your
                  | surroundings (Stealth+). [potion of mutation]
 44977 | Lair:1   | Lost mutation: Your body sometimes deteriorates upon taking
                  | damage. [potion of mutation]
 44977 | Lair:1   | Lost mutation: Your mind is acute. (Int +2) [potion of
                  | mutation]
 44977 | Lair:1   | Lost mutation: You are frail. (-10% HP) [potion of
                  | mutation]
 44977 | Lair:1   | Gained mutation: You possess an exceptional clarity of
                  | mind. [potion of mutation]
 44977 | Lair:1   | Gained mutation: You are resistant to hostile enchantments.
                  | (MR+) [potion of mutation]
 44977 | Lair:1   | Gained mutation: You are partially covered in iridescent
                  | scales. (AC +2) [potion of mutation]
 44977 | Lair:1   | Gained mutation: Your muscles are strong. (Str +2) [potion
                  | of mutation]
 45181 | Crypt:1  | Entered Level 1 of the Crypt
 45319 | Crypt:1  | Reached XP level 23. HP: 157/212 MP: 33/33
 46380 | Crypt:1  | Got a warped granite ring
 46381 | Crypt:1  | Identified the ring of Waot {rC+ MP+9} (You found it on
                  | level 1 of the Crypt)
 46544 | Crypt:2  | Found the +10 dark maul {vorpal}
 46900 | Crypt:2  | Reached skill level 10 in Evocations
 47066 | Crypt:2  | Noticed Xtahua
 47079 | Crypt:2  | Killed Xtahua
 47079 | Crypt:2  | Reached skill level 10 in Armour
 47079 | Crypt:2  | Reached skill level 1 in Stealth
 47182 | Crypt:3  | Entered Level 3 of the Crypt
 47902 | Crypt:3  | Found an ancient bone altar of Kikubaaqudgha.
 47902 | Crypt:3  | Noticed an ancient lich
 47913 | Crypt:3  | Killed an ancient lich
 47913 | Crypt:3  | Reached XP level 24. HP: 126/223 MP: 33/33
 47976 | Crypt:3  | Reached skill level 15 in Fighting
 47988 | Crypt:3  | Reached skill level 5 in Stealth
 48133 | Crypt:3  | Identified the ring "Ithreax" {+Inv Int+6 Dex+4 Stlth+}
                  | (You found it on level 3 of the Crypt)
 48270 | Crypt:3  | Reached skill level 10 in Dodging
 48314 | Crypt:3  | Found a staircase to the Tomb.
 49069 | Vaults:4 | Learned a level 8 spell: Controlled Blink
 49070 | Vaults:5 | Entered Level 5 of the Vaults
 49079 | Vaults:5 | Reached skill level 1 in Summonings
 49415 | Vaults:5 | Noticed an ancient lich
 49431 | Vaults:5 | Killed an ancient lich
 49499 | Vaults:5 | Got a silver rune of Zot
 49725 | Vaults:5 | Identified the +5 rapier of the Fray {distort, MR+ Str+3
                  | Stlth+} (You found it on level 5 of the Vaults)
 49741 | Vaults:5 | Identified the ring "Xesayc" {rN+ MR+ Int+3 Stlth-}
 49770 | Vaults:5 | Reached XP level 25. HP: 223/233 MP: 35/35
 49774 | Vaults:5 | Identified the ring of Votaip {rPois MR- Dex+4 Stlth+}
 49881 | Vaults:5 | Found the +3 Elemental Staff {rElec rF++ rC++ MR++ AC+5}
 50196 | Vaults:5 | Identified the amulet of Fukiufeshre {Reflect rElec SH+5}
                  | (You found it on level 5 of the Vaults)
 50246 | Vaults:5 | Reached skill level 15 in Translocations
 50532 | Vaults:5 | Found Vuemog's Food Emporium.
 50645 | Vaults:5 | Found Acyewim's Distillery.
 50645 | Vaults:5 | Found Zaetug's Distillery.
 50649 | Vaults:5 | Bought a potion of resistance for 180 gold pieces
 50649 | Vaults:5 | Bought a potion of resistance for 180 gold pieces
 50649 | Vaults:5 | Bought a potion of heal wounds for 90 gold pieces
 50649 | Vaults:5 | Bought a potion of heal wounds for 90 gold pieces
 50649 | Vaults:5 | Bought a potion of heal wounds for 90 gold pieces
 50649 | Vaults:5 | Bought a potion of curing for 54 gold pieces
 50649 | Vaults:5 | Bought 2 potions of might for 144 gold pieces
 50649 | Vaults:5 | Bought a potion of ambrosia for 144 gold pieces
 50649 | Vaults:5 | Bought a potion of flight for 54 gold pieces
 50656 | Vaults:5 | Bought a potion of curing for 42 gold pieces
 50656 | Vaults:5 | Bought a potion of curing for 42 gold pieces
 50656 | Vaults:5 | Bought a potion of brilliance for 56 gold pieces
 50656 | Vaults:5 | Bought a potion of might for 56 gold pieces
 50656 | Vaults:5 | Bought a potion of invisibility for 112 gold pieces
 51362 | Depths:1 | Entered Level 1 of the Depths
 51394 | Depths:1 | Reached skill level 10 in Stealth
 51610 | Depths:1 | Found a one-way gate to the infinite horrors of the Abyss.
 51894 | Depths:1 | Found a gateway to Hell.
 52163 | Depths:1 | Found a runed translucent door.
 52594 | Depths:2 | Reached XP level 26. HP: 202/243 MP: 36/36
 53009 | Depths:2 | Found a one-way gate leading to the halls of Pandemonium.
 53914 | Depths:3 | Reached skill level 15 in Throwing
 54007 | Depths:3 | Found a shimmering blue altar of Sif Muna.
 54088 | Depths:3 | Learned a level 3 spell: Spectral Weapon
 54189 | Depths:3 | Noticed Nikola
 54201 | Depths:3 | Killed Nikola
 54268 | Depths:3 | Reached skill level 10 in Spellcasting
 54384 | Depths:3 | Reached skill level 1 in Charms
 54624 | Depths:4 | Found a sacrificial altar of Ru.
 54726 | Depths:4 | Found a sparkling altar of Nemelex Xobeh.
 54831 | Depths:4 | Reached XP level 27. HP: 253/253 MP: 37/37
 55255 | Depths:4 | Found a white marble altar of Elyvilon.
 55431 | Depths:4 | Found a shadowy altar of Dithmenos.
 56741 | Depths:5 | Entered Level 5 of the Depths
 57081 | Depths:5 | Found a gateway to a ziggurat.
 57124 | Depths:5 | Noticed Sojobo
 57128 | Depths:5 | Noticed a juggernaut
 57140 | Depths:5 | Killed Sojobo
 57149 | Depths:5 | Killed a juggernaut
 57230 | Depths:5 | Found a gate to the Realm of Zot.
 57245 | Depths:5 | Reached skill level 5 in Charms
 57621 | Hell     | Entered the Vestibule of Hell
 57621 | Hell     | Noticed Geryon
 57643 | Hell     | Killed Geryon
 57714 | Hell     | Found a gateway to the freezing wastes of Cocytus.
 57752 | Hell     | Reached skill level 15 in Invocations
 57791 | Hell     | Noticed an ancient lich
 57803 | Hell     | Killed an ancient lich
 57858 | Hell     | Found a gateway to the decaying netherworld of Tartarus.
 57900 | Hell     | Found a gateway to the ashen valley of Gehenna.
 57929 | Hell     | Reached skill level 15 in Stealth
 58092 | Hell     | Found a gateway to the Iron City of Dis.
 58392 | Depths:4 | Voluntarily entered the Abyss.
 58473 | Abyss:1  | Found a corrupted altar of Lugonu.
 58640 | Abyss:1  | Found a hazy altar of Hepliaklqana.
 58750 | Depths:4 | Escaped the Abyss
 58861 | Depths:4 | Voluntarily entered the Abyss.
 58894 | Abyss:1  | Identified the cursed +0 chain mail "Keoggol" {Str+5} (You
                  | found it on level 1 of the Abyss)
 59099 | Abyss:1  | Found a corrupted altar of Lugonu.
 59416 | Abyss:3  | Found a corrupted altar of Lugonu.
 59513 | Abyss:3  | Found a corrupted altar of Lugonu.
 59873 | Abyss:3  | Found a hide-covered altar of Uskayaw.
 59902 | Abyss:3  | Found a corrupted altar of Lugonu.
 59917 | Abyss:3  | Found a bloodstained altar of Trog.
 59942 | Abyss:3  | Reached skill level 15 in Armour
 60010 | Abyss:3  | Found a bloodstained altar of Trog.
 60011 | Abyss:3  | Found a corrupted altar of Lugonu.
 60293 | Abyss:3  | Paralysed by accursed screaming for 1 turns
 60576 | Abyss:3  | Got an abyssal rune of Zot
 60596 | Depths:4 | Escaped the Abyss
 61227 | Pan      | Entered Pandemonium
 61809 | Pan      | Reached skill level 15 in Dodging
 62766 | Pan      | Noticed Sadduusm the pandemonium lord
 62779 | Pan      | Killed Sadduusm the pandemonium lord
 63040 | Pan      | Noticed Mennas
 63058 | Pan      | Killed Mennas
 63677 | Pan      | Entered the realm of Gloorx Vloq.
 63740 | Pan      | Found an exit through the horrors of the Abyss.
 64093 | Pan      | Identified the cursed +1 chain mail "Daijanlo" {-Tele Str+4
                  | Int+3 Dex+2} (You found it in Pandemonium)
 64637 | Pan      | Identified a scroll of acquirement
 64755 | Pan      | Noticed Gloorx Vloq
 64769 | Pan      | Killed Gloorx Vloq
 64789 | Pan      | Got a dark rune of Zot
 64977 | Pan      | Entered the realm of Mnoleg.
 64993 | Pan      | Found an exit through the horrors of the Abyss.
 65069 | Pan      | Lost mutation: You are resistant to hostile enchantments.
                  | (MR+) [a neqoxec]
 65097 | Pan      | Gained mutation: Potions are less effective at restoring
                  | your health. [a neqoxec]
 65099 | Pan      | Gained mutation: You are frail. (-10% HP) [a neqoxec]
 65204 | Pan      | Noticed Mnoleg
 65230 | Pan      | Killed Mnoleg
 65235 | Pan      | Gained mutation: You occasionally shout uncontrollably at
                  | your foes. [a cacodemon]
 65279 | Pan      | Got a glowing rune of Zot
 65340 | Pan      | Entered the realm of Lom Lobon.
 65369 | Pan      | Noticed Lom Lobon
 65770 | Pan      | Killed Lom Lobon
 65777 | Pan      | Got a magical rune of Zot
 66440 | Pan      | Identified the ring of Vehumet's Favour {rElec rN+ Stlth-}
                  | (You found it in Pandemonium)
 66898 | Depths:2 | Escaped Pandemonium
 66991 | Depths:4 | Lost mutation: Your muscles are strong. (Str +2) [potion of
                  | mutation]
 66991 | Depths:4 | Lost mutation: You occasionally shout uncontrollably at
                  | your foes. [potion of mutation]
 66991 | Depths:4 | Lost mutation: You possess an exceptional clarity of mind.
                  | [potion of mutation]
 66991 | Depths:4 | Gained mutation: You can exhale a cloud of poison. [potion
                  | of mutation]
 67306 | Lair:1   | Lost mutation: You are frail. (-10% HP) [potion of
                  | mutation]
 67306 | Lair:1   | Lost mutation: You can exhale a cloud of poison. [potion of
                  | mutation]
 67306 | Lair:1   | Gained mutation: You are resistant to hostile enchantments.
                  | (MR+) [potion of mutation]
 67306 | Lair:1   | Gained mutation: Your flesh is cold resistant. (rC+)
                  | [potion of mutation]
 67306 | Lair:1   | Gained mutation: You are somewhat resistant to further
                  | mutation. [potion of mutation]
 67580 | Pan      | Entered the realm of Cerebov.
 67580 | Pan      | Entered Pandemonium
 67603 | Pan      | Identified the +9 trident of Profit {distort, rC+ MR+} (You
                  | found it in Pandemonium)
 67964 | Pan      | Identified the +9 spear "Qoschiffi" {vorpal, rF- Str+2
                  | Stlth+}
 67965 | Pan      | Identified the +5 hand axe of Nuv Inga {vamp, *Slow +Blink
                  | rPois rC+ MR+}
 68143 | Pan      | Identified the Compendium of Arcane Weapons
 68146 | Pan      | Identified the amulet "Wacerr" {Inacc MR+ Stlth+} (You
                  | found it in Pandemonium)
 68169 | Pan      | Identified the +6 sword of Cerebov {flame}
 68169 | Pan      | Noticed Cerebov
 68932 | Pan      | Killed Cerebov
 68958 | Pan      | Got a fiery rune of Zot
 68959 | Pan      | Identified Lehudib's Guide on Earthen Blows and Bruises
 69510 | Pan      | Gained mutation: You are frail. (-10% HP) [a neqoxec]
 69540 | Pan      | Found a transporter.
 69776 | Pan      | Found a transporter.
 70275 | Pan      | Identified the ring of Modesty {*Contam MP+9 Int+6 Dex+3
                  | SInv} (You found it in Pandemonium)
 70302 | Pan      | Identified the amulet "Xagavauq" {Inacc MR+} (You found it
                  | in Pandemonium)
 70868 | Pan      | Found an exit through the horrors of the Abyss.
 70935 | Pan      | Noticed Teusoupo the pandemonium lord
 70951 | Pan      | Killed Teusoupo the pandemonium lord
 71290 | Pan      | Gained mutation: You are clumsy. (Dex -2) [a cacodemon]
 71339 | Pan      | Noticed Epamapp the pandemonium lord
 71800 | Pan      | Found an exit through the horrors of the Abyss.
 72384 | Pan      | Found an exit through the horrors of the Abyss.
 72534 | Depths:2 | Escaped Pandemonium
 72539 | Pan      | Entered Pandemonium
 72545 | Pan      | Noticed Meriz the pandemonium lord
 72641 | Pan      | Identified the cursed +1 ring mail "Joigran" {-Tele rPois
                  | rF+ Dex+2} (You found it in Pandemonium)
 72671 | Pan      | Noticed Gyistraa the pandemonium lord
 72686 | Pan      | Killed Gyistraa the pandemonium lord
 74233 | Pan      | Noticed Mophaekh the pandemonium lord
 75611 | Pan      | Identified the cursed +1 war axe "Orouplas" {vorpal, rElec
                  | rF+ Dex+2}
 75685 | Depths:2 | Escaped Pandemonium
 75687 | Pan      | Entered Pandemonium
 75756 | Pan      | Noticed Xiubogg the pandemonium lord
 75775 | Pan      | Killed Xiubogg the pandemonium lord
 75880 | Pan      | Noticed Inliwyt the pandemonium lord
 75902 | Pan      | Killed Inliwyt the pandemonium lord
 76115 | Depths:2 | Escaped Pandemonium
 76235 | Pan      | Entered Pandemonium
 76778 | Pan      | Noticed Pulimuca the pandemonium lord
 77357 | Pan      | Identified the +6 tower shield of Ykkuawk {+Inv Dex+4
                  | Stlth+}
 77500 | Pan      | Identified the +7 tower shield of the Centipede {rC+ MP+9
                  | SInv}
 77712 | Pan      | Identified the +7 tower shield "Oto Dofi" {Regen+ Int+3}
 77737 | Pan      | Found a glowing silver altar of Zin.
 78772 | Pan      | Noticed a seraph
 78787 | Pan      | Killed a seraph
 78812 | Pan      | Identified the +7 long sword of the Reaper {vorpal, +Blink
                  | rPois MR+}
 78860 | Pan      | Found a glowing golden altar of the Shining One.
 78873 | Pan      | Got a demonic rune of Zot
 78876 | Pan      | Identified the cursed +0 hat "Irojab" {rPois Dex-3 Stlth+}
                  | (You found it in Pandemonium)
 78896 | Pan      | Identified the cursed +0 robe of Ornamental Curiosity
                  | {Str+6}
 79250 | Pan      | Found a white marble altar of Elyvilon.
 79431 | Depths:2 | Escaped Pandemonium
 79494 | Dis:1    | Entered Level 1 of the Iron City of Dis
 80259 | Dis:7    | Entered Level 7 of the Iron City of Dis
 80901 | Dis:7    | Identified the Tome of Attacks
 81070 | Dis:7    | Identified the Almanac of the Sage
 81085 | Dis:7    | Identified the Guide on Unholy Rituals and the Birds
 81160 | Dis:7    | Identified the +6 plate armour of the Trout {Slay+3} (You
                  | found it on level 7 of the Iron City of Dis)
 81164 | Dis:7    | Identified the +4 staff of Dispater
 81164 | Dis:7    | Noticed Dispater
 81187 | Dis:7    | Killed Dispater
 81198 | Dis:7    | Got an iron rune of Zot
 81392 | Coc:1    | Entered Level 1 of Cocytus
 81880 | Coc:7    | Entered Level 7 of Cocytus
 82365 | Coc:7    | Noticed Antaeus
 82690 | Coc:7    | Mangled by Antaeus

Illustrated notes

Levels and vault maps discovered:
D:1:      lightli_arrival_noodles, layout_loops_ring
D:2:      layout_basic, elyvilon_altar_3, kennysheep_slug_shrine, uniq_robin
D:3:      layout_basic, lemuel_crystal_altar
D:4:      layout_gridville, first_ration, kennysheep_orc_chapel
D:5:      layout_basic
D:6:      layout_basic, nicolae_overflow_crystal_walls,
          nicolae_gozag_seed_capital, lemuel_round_altar,
          minmay_temple_entry_stoned_glass
D:7:      gammafunk_cloud_chamber, layout_basic
D:8:      layout_loops_cross, lemuel_crystal_altar, grunt_ogre_cave
D:9:      layout_irregular_city, lemuel_round_altar, dpeg_lair_monsters,
          hiddenorc1_lemuel
D:10:     layout_loops_ring, chequers_serial_rivers_micro_e,
          minmay_misc_feat_hallway
D:11:     layout_roguey, trog_wizard
D:12:     layout_grid_maze
D:13:     layout_roguey, fedhas_bush_and_centaur_altar
D:14:     layout_loops_ring, david_vaults_1, small_statue_intersection,
          minmay_puff, uniq_nessos
D:15:     gammafunk_enter_depths_forms, layout_basic, hangedman_decor_growths,
          minmay_st_funbox, minmay_diced_spiral
Lair:1:   layout_small_grid, serial_bayou_lagoon_a,
          chequers_serial_rivers_small_b, beast_lair_carwin_7,
          serial_bayou_shore_b
Lair:2:   layout_chaotic_city
Lair:3:   layout_regular_city, grunt_megastairs_4, serial_bayou_shore_a,
          uniq_nergalle
Lair:4:   wad_woods_settlement, layout_regular_city, elwin_shoals_entry_rooms,
          spider_nest_entry_funnel_web
Lair:5:   layout_misc_corridors, nicolae_volcano_entry_vermiform, basic_altar,
          grunt_megastairs_1
Lair:6:   cheibrodos_lair_end_hotspot, layout_regular_city,
          minmay_slime_entry_pillars, lemuel_fruit_tree
Shoals:1: layout_shoals
Shoals:2: layout_shoals
Shoals:3: layout_shoals, serial_shops, shop_fountains, nicolae_shoals_c_island
Shoals:4: shoals_end_grunt_ice, layout_shoals, uniq_donald
Spider:1: layout_spider_delve, einodemon_crawler_minivault
Spider:2: layout_spider_delve
Spider:3: layout_spider_delve, nicolae_looking_at_the_future
Spider:4: guppyfry_spider_rune, special_room, spiders_nest_spider_trap,
          uniq_arachne
Slime:1:  layout_caves
Slime:2:  layout_caves
Slime:3:  cheibrodos_slime_lost_civilization_2, layout_caves
Slime:4:  layout_caves
Slime:5
Orc:1:    layout_diamond_mine, basic_altar
Orc:2:    grunt_orc_gardens, layout_diamond_mine, grunt_orc_garden,
          grunt_orc_garden, grunt_orc_garden, grunt_orc_garden, uniq_josephine,
          uniq_sonja
Elf:1:    layout_gridlike, evilmike_minifort
Elf:2:    layout_geoelf_octagon, basic_altar
Elf:3:    minmay_elf_hall_spiked, layout_geoelf_castle
Vaults:1: hangedman_vaults_stretched_pinwheel, nicolae_vaults_back_hallway,
          nicolae_vaults_what_the_h, nicolae_vaults_network_s,
          nicolae_vaults_network_quinsquares
          [nicolae_vaults_network_quincunx_subvault,
          nicolae_vaults_network_quincunx_subvault,
          nicolae_vaults_network_quincunx_subvault,
          nicolae_vaults_network_quincunx_subvault],
          nicolae_vaults_mini_display_case, vaults_dpeg_encased_lava,
          ontoclasm_vaults_chip, v_alt_pattern_5, grunt_vaults_hallway_short,
          vaults_room_pools, ontoclasm_vaults_ring_large, layout_vaults_omnibox,
          serial_shops, shop
Vaults:2: grunt_vaults_swirl, v_misc_1, hangedman_vaults_capsules,
          vaults_mumra_lcd, vaults_room_grid, v_pattern_5, v_rooms_5,
          nicolae_vaults_ring_of_whatevers, nicolae_vaults_shelves_hall,
          layout_vaults_quadrants, serial_shops, shop
Vaults:3: minmay_crypt_entry_skeletal_spiral, nicolae_vaults_big_ls,
          nicolae_vaults_ninety_degrees, v_misc_4, ontoclasm_vaults_ring_small,
          v_misc_15, hangedman_vaults_variations,
          nicolae_vaults_ring_of_whatevers, v_misc_28, vaults_standard_mumra_x,
          nicolae_vaults_little_squares_3, v_misc_8,
          ontoclasm_vaults_decontamination, layout_vaults_big_cross,
          serial_shops, nicolae_shop_waterfront
Vaults:4: v_misc_1, nicolae_vaults_halls_meeting,
          nicolae_vaults_little_squares_6, ontoclasm_vaults_gateway,
          nicolae_vaults_network_star, vaults_mumra_minichess_inversion,
          vaults_dpeg_diagonal, v_misc_22, vaults_dpeg_hooks,
          ontoclasm_vaults_shuriken, v_pattern_1, hangedman_vaults_stitches,
          ontoclasm_vaults_twist, layout_vaults_ring
Vaults:5
Crypt:1:  minmay_skeleton_keep, layout_basic
Crypt:2:  layout_gridlike, minmay_misc_feat_cross, uniq_xtahua
Crypt:3:  cryptofortress_bobbens
Depths:1: layout_gridlike, grunt_hell_entry_dis_old, minmay_room_of_horrors,
          hangedman_aerie_drop
Depths:2: cheibrodos_tormentor_scu, layout_basic, rand_demon_pan_entry_5,
          grunt_hell_horde, minivault_11, hangedman_decor_lopped,
          hangedman_abyss_or_decor_passed
Depths:3: minmay_crystal_thing, layout_long_grid, grunt_pan_entry_sceptre,
          pf_dread_powers_of_hell, infiniplex_staircase_x, uniq_nikola
Depths:4: grunt_profane_halls [grunt_profane_temple_geh,
          grunt_profane_temple_tar, grunt_profane_temple_coc,
          grunt_profane_temple_dis, grunt_profane_loot], abyss_entry, hell_entry
Depths:5: grunt_zot_entry_tricorne, layout_small_grid, enter_ziggurat_e,
          hell_entry, minmay_door_square, uniq_sojobo
Hell
Dis:1:    layout_subdivisions
Dis:2:    layout_subdivisions, lemuel_elevator
Dis:3:    hangedman_dis_monolith, layout_regular_city, evilmike_ambush
          [evilmike_ambush_outer_doors, evilmike_ambush_inner_basic]
Dis:4:    layout_jigsaw
Dis:5:    layout_regular_city
Dis:6:    layout_subdivisions
Dis:7:    iron_city_of_dis [dis_grunt, dis_wall_1], layout_chaotic_city
Coc:1:    layout_cocytus_water_paths
Coc:2:    layout_cocytus_water_paths
Coc:3:    layout_cocytus_delve
Coc:4:    layout_cocytus_water_paths
Coc:5:    layout_ice_bergs
Coc:6:    layout_cocytus_water_paths
Coc:7:    coc_hangedman

Skill      XL: |  1  2  3  4  5  6  7  8  9 10 11 12 13 14 15 16 17 18 19 20 21 22 23 24 25 26 27 |
---------------+----------------------------------------------------------------------------------+-----
Axes           | 3 4 5 6 8 10 11 12 13 14 15 16 17 18 | 18.0
Invocations    | 1 2 3 4 5 7 8 9 10 11 12 13 14 22 | 22.2
Fighting       | 4 5 6 7 8 9 10 11 12 13 14 15 16 20 | 20.1
Throwing       | 2 4 5 7 8 9 10 11 12 13 14 15 18 | 18.5
Shields        | 3 4 5 6 7 8 9 10 14 | 14.4
Dodging        | 2 3 4 5 6 7 8 9 10 12 13 19 | 19.3
Armour         | 3 4 5 6 7 8 9 10 11 12 13 19 | 19.5
Evocations     | 2 4 5 7 9 10 14 | 14.8
Poison Magic   | 5 10 12 14 15 | 15.0
Translocations | 4 10 12 13 14 15 16 20 | 20.2
Spellcasting   | 1 3 5 6 7 8 9 10 13 | 13.0
Transmutations | 1 4 7 9 10 | 10.0
Fire Magic     | 1 3 |  3.0
Earth Magic    | 2 4 5 |  5.0
Hexes          | 3 |  3.0
Stealth        | 4 8 11 13 22 | 22.0
Summonings     | 3 |  3.0
Charms         | 2 5 |  5.0

Action                   |  1- 3 |  4- 6 |  7- 9 | 10-12 | 13-15 | 16-18 | 19-21 | 22-24 | 25-27 || total
-------------------------+-------+-------+-------+-------+-------+-------+-------+-------+-------++-------
Melee: War axe           |   145 |   179 |   231 |   386 |   239 |       |       |       |       ||  1180
       Constrict         |       |       |       |       |   191 |   191 |   203 |   155 |  1052 ||  1792
       Battleaxe         |       |       |       |       |    88 |       |       |       |       ||    88
       Broad axe         |       |       |       |       |   503 |   935 |  1018 |  1260 |  6860 || 10576
Throw: Boomerang         |       |     2 |     3 |    18 |    54 |    68 |   202 |   111 |   761 ||  1219
       Dart              |       |       |     3 |     3 |       |       |       |       |    61 ||    67
       Javelin           |       |       |       |       |     2 |       |     8 |    20 |   136 ||   166
 Cast: Olgreb's Toxic Ra |       |       |       |       |       |       |    17 |     3 |     8 ||    28
       Ignite Poison     |       |       |       |       |       |       |    14 |     2 |       ||    16
       Blink             |       |       |       |       |       |       |     1 |     4 |    12 ||    17
       Passage of Golubr |       |       |       |       |       |       |       |     2 |    13 ||    15
       Lesser Beckoning  |       |       |       |       |       |       |       |    14 |   184 ||   198
       Apportation       |       |       |       |       |       |       |       |       |   165 ||   165
       Portal Projectile |       |       |       |       |       |       |       |       |    14 ||    14
       Passwall          |       |       |       |       |       |       |       |       |    35 ||    35
       Spectral Weapon   |       |       |       |       |       |       |       |       |     2 ||     2
       Controlled Blink  |       |       |       |       |       |       |       |       |     1 ||     1
Invok: Lesser Healing    |     1 |       |       |       |       |       |       |       |       ||     1
       Slouch            |       |       |       |    12 |     5 |     9 |    14 |     9 |    34 ||    83
       Temporal Distorti |       |       |       |       |       |     1 |     1 |       |       ||     2
 Abil: Spit Poison       |     1 |    11 |     6 |     9 |     5 |     1 |       |       |       ||    33
       Evoke Invisibilit |       |       |       |       |       |       |       |       |    16 ||    16
Evoke: Wand              |       |       |     8 |     2 |     1 |     8 |     7 |     4 |    17 ||    47
       Phantom mirror    |       |       |       |       |       |       |       |     1 |     1 ||     2
       Tin of tremorston |       |       |       |       |       |       |       |       |     1 ||     1
  Use: Scroll            |       |     5 |     6 |     4 |    12 |     9 |    10 |    15 |    50 ||   111
       Potion            |       |       |       |       |       |       |     3 |     2 |    18 ||    23
 Stab: Paralysed         |       |       |       |       |     2 |     3 |       |       |     2 ||     7
       Petrified         |       |       |       |       |     2 |       |       |       |       ||     2
       Distracted        |       |       |       |       |       |       |     1 |     1 |    31 ||    33
       Invisible         |       |       |       |       |       |       |     2 |       |    93 ||    95
       Sleeping          |       |       |       |       |       |       |       |       |    18 ||    18
  Eat: Chunk             |     1 |     6 |     7 |    13 |    27 |    23 |    25 |     3 |    20 ||   125
       Ration            |       |       |     1 |       |     1 |       |     2 |     4 |    23 ||    31
Armor: Scale mail        |     6 |       |       |       |       |       |       |       |       ||     6
       Plate armour      |    77 |   131 |    61 |       |   292 |   554 |   325 |   453 |  2846 ||  4739
       Chain mail        |       |       |    69 |   161 |    24 |       |       |       |       ||   254
Dodge: Dodged            |    13 |    15 |    32 |    63 |   207 |   377 |   287 |   390 |  3485 ||  4869
       Repelled          |       |       |       |       |       |       |       |       |    47 ||    47
Block: Kite shield       |    74 |   104 |   112 |   270 |   518 |   740 |   259 |   831 |  4239 ||  7147
       Tower shield      |       |       |       |       |       |       |   614 |       |  2301 ||  2915
       Reflection        |       |       |       |       |       |       |    23 |     4 |       ||    27
